 Dungeon Crawl Stone Soup version 0.18.1-1-g2f07953 (webtiles) character file.

19 imoen the Insei (level 2, -4/16 HPs)
             Began as a Vine Stalker Monk on May 6, 2016.
             Slain by a scorpion (6 damage)
             ... on level 3 of the Dungeon.
             The game lasted 00:03:05 (253 turns).

imoen the Insei (Vine Stalker Monk)                  Turns: 253, Time: 00:03:06

Health: -4/16      AC:  4    Str: 13    XL:     2   Next: 75%
Magic:  0/3        EV: 12    Int: 10    God:
Gold:   55         SH:  0    Dex: 16    Spells: 0 memorised, 1 level left

rFire  . . .     SeeInvis .       - Unarmed
rCold  . . .     Gourm    .     h - +0 leather armour
rNeg   . . .     Faith    .     (no shield)
rPois  .         Spirit   +     (no helmet)
rElec  .         Dismiss  .     (no cloak)
rCorr  .         Reflect  .     f - +0 pair of gloves (curse)
SustAt .         Harm     .     (no boots)
MR     .....                    (no amulet)
Stlth  ++........               (no ring)
                                (no ring)

@: lethally poisoned (-4 -> -14), not resistant to hostile enchantments,
unstealthy
A: fangs 2, regeneration 1, magic shield, antimagic bite, no device heal 3, rot
immunity
a: no special abilities


You were on level 3 of the Dungeon.
You were not hungry.

You visited 1 branch of the dungeon, and saw 3 of its levels.

You collected 55 gold pieces.

Inventory:

Missiles
 c - a throwing net
Armour
 a - a +0 robe
 f - a cursed +0 pair of gloves (worn)
   (You found it on level 2 of the Dungeon)
 h - a +0 leather armour (worn)
   (You found it on level 3 of the Dungeon)
Wands
 i - a wand of lightning (11/15)
   (You found it on level 3 of the Dungeon)
Scrolls
 e - 2 scrolls of identify {unknown}
 j - a scroll of fear {unknown}
Potions
 d - a potion of degeneration {unknown}
Comestibles
 b - a bread ration
 g - 2 meat rations


   Skills:
 - Level 2.6 Fighting
 - Level 2.4 Dodging
 - Level 2.4 Stealth
 + Level 4.7 Unarmed Combat


You had one spell level left.
You didn't know any spells.

Dungeon Overview and Level Annotations

Branches:
Dungeon (3/15)

Altars:


Innate Abilities, Weirdness & Mutations

You have extremely sharp teeth.
Your natural rate of healing is unusually fast.
When hurt, damage is shared between your health and your magic reserves.
Your bite disrupts and absorbs the magic of your enemies.
Potions and wands cannot restore your health.
You are immune to rotting.


Message History

You hit the dart slug.
You kill the dart slug!
You open the door.
A rat comes into view.
There is an open door here.
There is a stone staircase leading up here.
You hit the rat.
You kill the rat!
You now have 32 gold pieces (gained 7).
A hobgoblin comes into view. It is wielding a club.
The hobgoblin shouts!
You closely miss the hobgoblin. Your bite misses the hobgoblin.
The hobgoblin hits you but does no damage.
You closely miss the hobgoblin.
You bite the hobgoblin, but do no damage.
The hobgoblin closely misses you.
You hit the hobgoblin.
You kill the hobgoblin!
Things that are here:
a club; a hobgoblin corpse You now have 43 gold pieces (gained 11).
g - 2 meat rations (gained 1)
A kobold comes into view.
The kobold shouts!
The kobold throws a stone.
The stone hits you.
You see here a stone.
You take 2 damage, and have 14/16 hp.
You now have 2/3 mp.
The kobold throws a stone.
The stone completely misses you.
Unknown command.
The kobold barely misses you.
You hit the kobold. You bite the kobold. You drain its power.
You feel invigorated.
You kill the kobold!
MP restored: 3 No target in view!
You now have 55 gold pieces (gained 12).
Health restored: 16 You see here a leather armour.
h - a leather armour Wear which item? (? for menu, Esc to quit)
You start removing your armour.
You continue taking off your +0 robe. x4
You finish taking off your +0 robe.
You start putting on your armour.
You continue putting on your leather armour. x5
You finish putting on your +0 leather armour.
A giant gecko comes into view.
You see here a scroll labeled GEYQAVEGAC.
Unknown command.
e - 2 scrolls labeled GEYQAVEGAC (gained 1)
The helpless giant gecko fails to defend itself.
You hit the giant gecko. You bite the giant gecko. You drain its power.
You kill the giant gecko!
i - a wand of lightning
j - a scroll labeled OSKA YBLOPP You open the door.
There is an open door here.
A scorpion comes into view.
A goblin comes into view. It is wielding a dagger.
The goblin barely misses you.
You hit the goblin.
You kill the goblin!
Things that are here:
a dagger; a goblin corpse You hit the scorpion but do no damage.
Your bite misses the scorpion. You barely miss the scorpion.
The scorpion closely misses you.
You hit the scorpion. Your bite misses the scorpion.
The scorpion barely misses you.
You punch the scorpion!
You bite the scorpion, but do no damage.
The scorpion stings you.
You take 3 damage, and have 13/16 hp.
You hit the scorpion but do no damage. Your bite misses the scorpion.
The scorpion stings you.
* * * LOW HITPOINT WARNING * * *
You are poisoned.
The scorpion poisons you!
You take 4 damage, and have 9/16 hp.
MASSIVE DAMAGE!!
You now have 2/3 mp.
You hit the scorpion. Your bite misses the scorpion.
You feel sick. The scorpion closely misses you.
You take 1 damage, and have 8/16 hp.
Unknown command.
You barely miss the scorpion. You bite the scorpion. You drain its power.
You feel invigorated.
You feel sick. The scorpion stings you.
* * * LOW HITPOINT WARNING * * *
You take 3 damage, and have 5/16 hp.
Unknown command.
You hit the scorpion. You bite the scorpion. You drain its power.
You feel invigorated. The scorpion stings you.
* * * LOW HITPOINT WARNING * * *
You are more poisoned.
The scorpion poisons you!
You take 2 damage, and have 3/16 hp.
Unknown command.
You closely miss the scorpion.
You bite the scorpion, but do no damage.
* * * LOW HITPOINT WARNING * * *
You feel sick. The scorpion stings you!
You die...

#.........# #.........#
#.$.......# ###
#.........#
...#####.........#
.................#
.................#
............###########.
...............s@.......
.............##########.
.###'#######+# ... .. .#
#.#....... .... .#.# .#
#.#....... ... .... .
#......... ... ...#.#
##.######+ #.##..#.#
#..# .......## ##.##
###......#


You could see a scorpion.

Vanquished Creatures
  An adder (D:2)
  A dart slug (D:3)
  A giant gecko (D:3)
  A goblin (D:3)
  A hobgoblin (D:3)
  A kobold (D:3)
  A rat (D:3)
7 creatures vanquished.

Notes
Turn   | Place    | Note
--------------------------------------------------------------
     0 | D:1      | imoen the Vine Stalker Monk began the quest for the Orb.
     0 | D:1      | Reached XP level 1. HP: 11/11 MP: 2/2
    39 | D:2      | Reached XP level 2. HP: 10/16 MP: 1/3
   234 | D:3      | Noticed a scorpion
   252 | D:3      | HP: 3/16 [scorpion (3)]
   253 | D:3      | Slain by a scorpion

Action                   || total
-------------------------++-------
Melee: Unarmed           ||    29
       Bite              ||    11
 Stab: Sleeping          ||     3
Armor: Robe              ||     3
Dodge: Dodged            ||    12

Vault maps used:
D:1:      ncdulo_watergridlock
D:2:      marbit_many_paths, lemuel_crystal_altar, lemuel_round_altar,
          nicolae_qazlal_style_of_elements, fedhas_altar_2

Table legend:
 A = Turns spent in this place as a percentage of turns spent in the entire game.
 B = Non-inter-level travel turns spent in this place as a percentage of non-inter-level travel turns spent in the entire game.
 C = Inter-level travel turns spent in this place as a percentage of turns spent in this place.
 D = Turns resting spent in this place as a percentage of non-inter-level travel turns spent in this place.
 E = Turns spent auto-exploring this place as a percentage of non-inter-level travel turns spent in this place.
 F = Non-inter-level travel turns spent in this place divided by the number of levels of this place that you've seen.
                   A       B       C       D       E      F
               +-------+-------+-------+-------+-------+----------------------
         Total | 100.0 | 100.0 |   0.0 |   0.0 |   0.0 |  69.0
       Dungeon | 100.0 | 100.0 |   0.0 |   0.0 |   0.0 |  69.0
               +-------+-------+-------+-------+-------+----------------------

Table legend:
 A = Kills in this place as a percentage of kills in entire the game.
 B = Kills by you in this place as a percentage of kills by you in the entire game.
 C = Kills by friends in this place as a percentage of kills by friends in the entire game.
 D = Other kills in this place as a percentage of other kills in the entire game.
 E = Experience gained in this place as a percentage of experience gained in the entire game.
 F = Experience gained in this place divided by the number of levels of this place that you have seen.
                   A       B       C       D       E      F
               +-------+-------+-------+-------+-------+----------------------
         Total | 100.0 | 100.0 |  -nan |  -nan | 100.0 |   9.3
       Dungeon | 100.0 | 100.0 |  -nan |  -nan | 100.0 |   9.3
               +-------+-------+-------+-------+-------+----------------------
